 Dungeon Crawl Stone Soup version 0.29.0-11-gd7f09526c8 (webtiles) character file.

Game seed: 7672025796267746756

67 SensoryNuts the Trooper (level 3, -8/43 HPs)
             Began as a Demonspawn Fighter on Sept 3, 2022.
             Mangled by a gnoll
             ... wielding a +0 halberd
              (11 damage)
             ... on level 2 of the Dungeon.
             The game lasted 00:01:21 (773 turns).

SensoryNuts the Trooper (Demonspawn Fighter)         Turns: 773, Time: 00:01:22

Health: -8/43      AC: 21    Str: 16    XL:     3   Next: 98%
Magic:  3/3        EV:  2    Int:  9    God:
Gold:   65         SH:  5    Dex: 14    Spells: 2/2 levels left

rFire   . . .      SeeInvis .   a - +0 long sword
rCold   . . .      Faith    .   c - +0 buckler
rNeg    . . .      Spirit   .   (body armour currently unavailable)
rPois   +          Reflect  .   (helmet currently unavailable)
rElec   .          Harm     .   (cloak currently unavailable)
rCorr   .          Rampage  .   (gloves currently unavailable)
Will    .....      NoTele   +   (boots currently unavailable)
Stlth   +.........              (no amulet)
HPRegen 0.14/turn               (no ring)
MPRegen 0.08/turn               (no ring)

@: tree-form, on berserk cooldown, hasted and slowed
A: stationary, stasis, torment immunity, boosted hp, repulsion field 1
a: no special abilities


You were on level 2 of the Dungeon.
You were a tree.
You visited 1 branch of the dungeon, and saw 2 of its levels.

You collected 65 gold pieces.

Inventory:

Hand Weapons
 a - a +0 long sword (weapon)
Armour
 b - a +0 scale mail (melded)
 c - a +0 buckler (worn)
 g - a +0 pair of boots
Scrolls
 e - a scroll of amnesia {unknown}
 h - a scroll of vulnerability {unknown}
 j - a scroll of enchant weapon {unknown}
 k - 2 scrolls of identify {unknown}
 n - a scroll of teleportation {unknown}
Potions
 d - a potion of might
 l - a potion of haste
 m - 2 potions of lignification


   Skills:
 + Level 3.4 Fighting
 * Level 3.1 Long Blades
 + Level 3.0 Armour
 + Level 0.2 Dodging
 + Level 2.9 Shields


You had 2 spell levels left.
You didn't know any spells.
Your spell library contained the following spells:

 Spells                   Type           Power      Damage    Failure   Level
 Magic Dart               Conj           0%         1d3       47%         1
 Necrotise                Necr           0%         1d4       47%         1
 Searing Ray              Conj           0%         2d4       63%         2
 Vampiric Draining        Necr           0%         2d6       85%         3
 Fulminant Prism          Conj/Hex       0%         3d6       99%         4
 Agony                    Necr           0%         N/A       100%        5
 Necromutation            Tmut/Necr      0%         N/A       100%        8


Dungeon Overview and Level Annotations

Branches:
Dungeon (1/15)

Altars:


Innate Abilities, Weirdness & Mutations

You are a tree.
Your roots penetrate the ground, keeping you stationary.
You cannot be teleported.
You are immune to unholy pain and torment.
Your maximum health is greatly increased.
Your equipment is partially melded.
You are surrounded by a mild repulsion field. (EV +2)


Message History

You block the gnoll's attack. You block the rat's attack.
The endoplasm jiggles.
You swing at nothing.
You feel your anger nearly subside. The rat completely misses you.
The gnoll hits you from afar with a +0 halberd.
You swing at nothing.
You are no longer berserk.
You are exhausted.
You feel yourself slow down.
You swing at nothing.
The gnoll hits you but does no damage.
The rat bites you but does no damage. x2
The gnoll hits you from afar with a +0 halberd!
* * * LOW HITPOINT WARNING * * *
You swing at nothing.
The gnoll hits you but does no damage. The rat bites you but does no damage.
You swing at nothing.
You block the gnoll's attack. The rat bites you but does no damage.
You swing at nothing.
You block the gnoll's attack. The rat barely misses you.
The gnoll barely misses you. The rat bites you but does no damage.
You swing at nothing.
You block the gnoll's attack. The rat bites you but does no damage.
You cannot move.
You cannot move.
You cannot move.
You cannot move.
You swing at nothing.
The gnoll hits you from afar with a +0 halberd!
* * * LOW HITPOINT WARNING * * *
The rat bites you but does no damage.
You swing at nothing.
You block the gnoll's attack. The rat bites you but does no damage.
You swing at nothing.
The gnoll hits you but does no damage. The rat bites you but does no damage.
The gnoll hits you but does no damage. The rat bites you.
* * * LOW HITPOINT WARNING * * *
You swing at nothing.
You block the gnoll's attack. You block the rat's attack.
You swing at nothing.
The gnoll hits you from afar with a +0 halberd!
You die...

....... ####### ... #
... ... #######. #.#
#.. ........ #.# #J#
######## #.# #g# ...#
#.# #g# ##.# #.# #)#
#.# #.# #♣# #.#
######.####r#.# #.#
#.....†.......#
#.###.####.####(......
##..........#
#####....
>...######### #.#
##### .


You could see 2 gnolls, an endoplasm and a rat.

Vanquished Creatures
  Jessica (D:2)
  A gnoll (D:2)
  A dart slug (D:1)
  4 bats
  A giant cockroach (D:1)
  5 goblins
  6 hobgoblins
  A kobold (D:1)
  A quokka (D:1)
  2 ball pythons (D:2)
  3 rats (D:1)
26 creatures vanquished.

Notes
Turn   | Place    | Note
-------+----------+-------------------------------------------
     0 | D:1      | SensoryNuts the Demonspawn Fighter began the quest for the
                  | Orb.
     0 | D:1      | Reached XP level 1. HP: 18/18 MP: 1/1
   130 | D:1      | Gained mutation: You are surrounded by a mild repulsion
                  | field. (EV +2) [demonic ancestry]
   130 | D:1      | Reached XP level 2. HP: 23/24 MP: 2/2
   241 | D:1      | Got Duith's Collected Works on Ensorcelling and Malignant
                  | Arts
   385 | D:1      | Found a faded altar of an unknown god.
   496 | D:1      | You fall into a shaft and drop 1 floor!
   530 | D:2      | Noticed Jessica
   538 | D:2      | Killed Jessica
   539 | D:2      | Reached XP level 3. HP: 27/29 MP: 3/3
   773 | D:2      | Mangled by a gnoll

Illustrated notes

Levels and vault maps discovered:
D:1:      dpeg_arrival_lava_temple_mockup, layout_rooms, basic_ecumenical_altar
D:2:      layout_loops_ring, uniq_crazy_yiuf_cottage, uniq_jessica

Skill      XL: |  1  2  3 |
---------------+----------+-----
Long Blades    | 2 3 |  3.1
Armour         | 3 |  3.0
Fighting       | |  3.4
Dodging        | |  0.2
Shields        | |  2.9

Action                   || total
-------------------------++-------
Melee: Long sword        ||    80
  Use: Potion            ||     4
Armor: Scale mail        ||    47
       Skin              ||    19
Dodge: Dodged            ||    53
Block: Buckler           ||    26
